General information
- name: BNet
- type: Ladder team game (AT/RT)
- host: Battle.net
- saver: TALONSAREIMBA
map: Dragonblight
- players: 6
- length: 33:09
- speed: Fast
- version: 1.24 W3XP
- replay type: Public
» download(227 KB)
Players
team 1 (loser)
Call.Me.Geebu (
teal | 109 APM | 3606 actions | 33:06)
7 Death Knight
3 Death Coil
3 Unholy Aura
1 Animate Dead
» actions
| Assign group hotkey | 33 | |
| Basic commands | 7 | |
| Build / train | 66 | |
| Enter build submenu | 36 | |
| Enter hero's abilities submenu | 8 | |
| Give item / drop item | 1 | |
| Remove unit from queue | 1 | |
| Right click | 1293 | |
| Select / deselect | 653 | |
| Select group hotkey | 1375 | |
| Use ability | 129 | |
3606 total
» units
| Acolyte | 4 | |
| Ghoul | 3 | |
| Crypt Fiend | 15 | |
| Frost Wyrm | 2 | |
24 total
» upgrades
| Creature Attack | 3 | |
| Creature Carapace | 4 | |
| Web | 1 | |
| Freezing Breath | 1 | |
9 total
» buildings
| Graveyard | 1 | |
| Halls of the Dead | 2 | |
| Crypt | 1 | |
| Altar of Darkness | 1 | |
| Ziggurat | 8 | |
| Tomb of Relics | 1 | |
| Black Citadel | 3 | |
| Sacrificial Pit | 1 | |
| Boneyard | 3 | |
| Necropolis | 25 | |
46 total
» build order
00:07 Graveyard
00:34 Halls of the Dead
00:35 Halls of the Dead
00:49 Crypt
01:22 Altar of Darkness
01:45 Ziggurat
01:56 Ziggurat
02:09 Tomb of Relics
03:03 Black Citadel
03:03 Black Citadel
03:09 Ziggurat
03:36 Sacrificial Pit
03:57 Ziggurat
04:00 Ziggurat
04:02 Ziggurat
05:29 Boneyard
05:32 Boneyard
05:33 Boneyard
08:37 Ziggurat
08:37 Ziggurat
24:51 Necropolis
24:54 Necropolis
24:59 Necropolis
25:00 Necropolis
25:01 Necropolis
25:03 Necropolis
25:04 Necropolis
25:05 Necropolis
25:08 Necropolis
25:09 Necropolis
25:11 Necropolis
25:52 Necropolis
25:59 Necropolis
26:18 Necropolis
26:25 Necropolis
26:27 Necropolis
26:34 Necropolis
26:36 Necropolis
26:44 Necropolis
26:46 Necropolis
27:45 Necropolis
29:09 Necropolis
29:25 Necropolis
29:37 Necropolis
29:41 Necropolis
» items
| Rod of Necromancy | 1 | |
| Potion of Mana | 1 | |
| Scroll of Healing | 2 | |
| Potion of Healing | 1 | |
| Scroll of Town Portal | 4 | |
| Scroll of Protection | 1 | |
10 total
JANBi (
green | 34 APM | 1128 actions | 33:06)
4 Demon Hunter
2 Mana Burn
2 Evasion
» actions
| Assign group hotkey | 12 | |
| Build / train | 27 | |
| Enter build submenu | 6 | |
| Enter hero's abilities submenu | 4 | |
| Give item / drop item | 1 | |
| Remove unit from queue | 3 | |
| Right click | 753 | |
| Select / deselect | 196 | |
| Select group hotkey | 75 | |
| Use ability | 51 | |
1128 total
» units
» buildings
| Altar of Elders | 1 | |
| Moon Well | 1 | |
| Tree of Life | 3 | |
5 total
» build order
00:07 Altar of Elders
00:12 Moon Well
12:05 Tree of Life
15:45 Tree of Life
25:17 Tree of Life
» items
| Boots of Speed | 1 | |
| Staff of Teleportation | 1 | |
| Potion of Lesser Invulnerability | 1 | |
| Potion of Healing | 1 | |
4 total
Savior[8] (
yellow | 62 APM | 1456 actions | 23:37)
4 Blademaster
2 Wind Walk
2 Critical Strike
3 Shadow Hunter
2 Hex
1 Healing Wave
» actions
| Assign group hotkey | 22 | |
| Basic commands | 68 | |
| Build / train | 78 | |
| Enter build submenu | 22 | |
| Enter hero's abilities submenu | 7 | |
| Right click | 581 | |
| Select / deselect | 370 | |
| Select group hotkey | 168 | |
| Use ability | 140 | |
1456 total
» units
| Peon | 9 | |
| Grunt | 20 | |
| Troll Batrider | 26 | |
55 total
» upgrades
| Melee Weapons | 1 | |
| Armor | 1 | |
| Pillage | 1 | |
3 total
» buildings
| Altar of Storms | 3 | |
| Orc Burrow | 8 | |
| Barracks | 1 | |
| Voodoo Lounge | 1 | |
| War Mill | 1 | |
| Watch Tower | 3 | |
| Stronghold | 1 | |
| Beastiary | 3 | |
| Fortress | 1 | |
22 total
» build order
00:06 Altar of Storms
00:12 Orc Burrow
00:50 Barracks
01:36 Orc Burrow
01:49 Voodoo Lounge
02:19 War Mill
03:39 Watch Tower
04:18 Orc Burrow
04:41 Stronghold
04:47 Watch Tower
06:25 Watch Tower
08:24 Orc Burrow
08:52 Beastiary
09:08 Orc Burrow
10:17 Fortress
11:21 Beastiary
14:24 Altar of Storms
14:27 Altar of Storms
17:10 Orc Burrow
18:48 Beastiary
19:45 Orc Burrow
20:14 Orc Burrow
» items
| Boots of Speed | 1 | |
| Healing Salve | 2 | |
| Lesser Clarity Potion | 1 | |
| Scroll of Town Portal | 2 | |
| Orb of Lightning | 1 | |
| Potion of Healing | 1 | |
8 total
team 2 (winner)
CoLeGePaRtYeR17 (
blue | 90 APM | 2970 actions | 33:06)
4 Archmage
2 Summon Water Elemental
2 Brilliance Aura
4 Mountain King
2 Storm Bolt
2 Bash
3 Paladin
2 Holy Light
1 Divine Shield
» actions
| Assign group hotkey | 57 | |
| Basic commands | 233 | |
| Build / train | 96 | |
| ESC pressed | 13 | |
| Enter build submenu | 22 | |
| Enter hero's abilities submenu | 11 | |
| Right click | 1256 | |
| Select / deselect | 560 | |
| Select group hotkey | 547 | |
| Use ability | 175 | |
2970 total
» units
| Peasant | 17 | |
| Footman | 7 | |
| Priest | 2 | |
| Dragonhawk Rider | 9 | |
| Knight | 3 | |
| Spell Breaker | 9 | |
| Gryphon Rider | 1 | |
48 total
» upgrades
| Lumber Harvesting | 2 | |
| Masonry | 3 | |
| Storm Hammers | 1 | |
| Animal War Training | 1 | |
| Plating | 3 | |
| Swords | 3 | |
| Cloud | 1 | |
| Priest Training | 2 | |
| Magic Sentry | 1 | |
| Sorceress Training | 1 | |
| Armor | 3 | |
21 total
» buildings
| Altar of Kings | 1 | |
| Barracks | 2 | |
| Farm | 9 | |
| Scout Tower | 1 | |
| Arcane Tower | 1 | |
| Keep | 3 | |
| Arcane Vault | 1 | |
| Lumber Mill | 1 | |
| Arcane Sanctum | 2 | |
| Town Hall | 1 | |
| Gryphon Aviary | 2 | |
| Castle | 1 | |
| Blacksmith | 1 | |
26 total
» build order
00:05 Altar of Kings
00:10 Barracks
00:33 Farm
00:48 Farm
01:47 Scout Tower
02:05 Farm
02:15 Arcane Tower
02:57 Farm
02:59 Keep
02:59 Keep
03:23 Arcane Vault
04:26 Farm
04:52 Farm
04:53 Farm
04:54 Farm
05:07 Lumber Mill
06:05 Arcane Sanctum
06:24 Arcane Sanctum
07:55 Town Hall
08:21 Gryphon Aviary
08:23 Gryphon Aviary
09:23 Castle
11:13 Blacksmith
11:34 Barracks
16:18 Farm
» items
| Lesser Clarity Potion | 1 | |
| Scroll of Regeneration | 2 | |
| Staff of Sanctuary | 1 | |
4 total
TALONSAREIMBA (
pink | 88 APM | 2903 actions | 33:09)
6 Tauren Chieftain
3 War Stomp
2 Endurance Aura
1 Reincarnation
5 Shadow Hunter
3 Hex
2 Healing Wave
» actions
| Assign group hotkey | 30 | |
| Basic commands | 209 | |
| Build / train | 77 | |
| ESC pressed | 1 | |
| Enter build submenu | 18 | |
| Enter hero's abilities submenu | 11 | |
| Right click | 1240 | |
| Select / deselect | 655 | |
| Select group hotkey | 508 | |
| Use ability | 154 | |
2903 total
» units
| Peon | 13 | |
| Troll Headhunter/Berserker | 20 | |
| Blue Dragon | 5 | |
38 total
» upgrades
| Ranged Weapons | 3 | |
| Armor | 3 | |
| Berserker Upgrade | 1 | |
| Troll Regeneration | 1 | |
| Reinforced Defenses | 1 | |
| Envenomed Spears | 1 | |
| Spiked Barricades | 3 | |
13 total
» buildings
| Altar of Storms | 1 | |
| Orc Burrow | 6 | |
| War Mill | 1 | |
| Barracks | 1 | |
| Voodoo Lounge | 2 | |
| Stronghold | 1 | |
| Fortress | 1 | |
| Beastiary | 4 | |
| Great Hall | 2 | |
19 total
» build order
00:03 Altar of Storms
00:05 Orc Burrow
00:23 War Mill
01:11 Barracks
01:48 Orc Burrow
02:06 Voodoo Lounge
04:27 Stronghold
04:43 Orc Burrow
05:58 Orc Burrow
07:23 Fortress
14:10 Beastiary
14:11 Beastiary
15:23 Beastiary
15:25 Beastiary
16:12 Orc Burrow
17:34 Orc Burrow
17:37 Voodoo Lounge
21:05 Great Hall
32:38 Great Hall
» items
| Healing Salve | 2 | |
| Lesser Clarity Potion | 2 | |
| Dust of Appearance | 1 | |
| Scroll of Town Portal | 4 | |
| Potion of Healing | 1 | |
| Orb of Lightning | 1 | |
11 total

»
yeahshesassbats (
orange | 98 APM | 3238 actions | 33:06)
4 Keeper of the Grove
2 Entangling Roots
2 Thorns Aura
3 Priestess of the Moon
2 Trueshot Aura
1 Searing Arrows
» actions
| Assign group hotkey | 105 | |
| Basic commands | 2 | |
| Build / train | 76 | |
| ESC pressed | 2 | |
| Enter build submenu | 19 | |
| Enter hero's abilities submenu | 8 | |
| Give item / drop item | 2 | |
| Remove unit from queue | 4 | |
| Right click | 1126 | |
| Select / deselect | 379 | |
| Select group hotkey | 1393 | |
| Use ability | 122 | |
3238 total
» units
| Wisp | 18 | |
| Faerie Dragon | 18 | |
| Hippogryph | 11 | |
| Blue Dragon | 1 | |
48 total
» upgrades
| Strength of the Wild | 2 | |
| Reinforced Hides | 2 | |
4 total
» buildings
| Altar of Elders | 1 | |
| Moon Well | 6 | |
| Tree of Ages | 2 | |
| Hunter's Hall | 1 | |
| Ancient of Wonders | 1 | |
| Ancient of Wind | 3 | |
| Tree of Life | 1 | |
15 total
» build order
00:07 Altar of Elders
00:20 Moon Well
02:25 Tree of Ages
02:25 Tree of Ages
02:37 Hunter's Hall
03:03 Moon Well
03:19 Moon Well
03:22 Moon Well
03:33 Ancient of Wonders
05:04 Ancient of Wind
05:09 Ancient of Wind
05:15 Ancient of Wind
05:37 Moon Well
09:08 Tree of Life
16:20 Moon Well
» items
| Scroll of Town Portal | 4 | |
| Scroll of Regeneration | 1 | |
| Lesser Clarity Potion | 1 | |
| Scroll of Healing | 1 | |
7 total
Chat log
(01:45 / Allies) yeahshesassbats: SO
(04:33 / All) yeahshesassbats: i tauhgt pink how to play this game
(04:41 / All) Call.Me.Geebu: and?
(04:42 / All) JANBi: very good
(04:48 / All) yeahshesassbats: hes 10x better then you
(04:49 / All) yeahshesassbats: trash
(04:52 / All) yeahshesassbats: dh bm in 3s
(04:58 / All) yeahshesassbats: watch more grubby moon replays
(04:59 / All) yeahshesassbats: trash
(05:05 / All) JANBi: ?
(05:09 / All) JANBi: are you done?
(05:09 / All) Call.Me.Geebu: ow ddi this arguement come up?
(05:10 / All) Call.Me.Geebu: lol
(05:20 / All) yeahshesassbats: ill be done when you leave
(05:22 / All) yeahshesassbats: trash
(05:32 / All) JANBi: you should go outside
(05:41 / All) JANBi: its ncie otu tehre sometimes
(05:47 / All) yeahshesassbats: i just had sex with my supermodel girlfriend
(05:51 / All) Call.Me.Geebu: LOL
(05:51 / All) JANBi: rofl
(05:53 / All) JANBi: lmfao
(06:03 / All) Call.Me.Geebu: that was so pitiful it made me laugh
(06:36 / All) JANBi: "i just had sex with my supermodel girlfriend"
(06:41 / All) yeahshesassbats: good looking
(06:42 / All) JANBi: you could have at least pretended to not be lying
(06:43 / All) TALONSAREIMBA: girls dont like noobs who lose dh
(06:45 / All) yeahshesassbats: great personality
(06:46 / All) yeahshesassbats: thats me
(06:57 / All) JANBi: ur a fag
(07:38 / Allies) yeahshesassbats: I WANNA PLAY AN MMO
(07:40 / Allies) yeahshesassbats: TALONS
(07:51 / Allies) yeahshesassbats: L4D2 TAKES SKILL
(07:55 / Allies) yeahshesassbats: U KNOW?
(10:51 / All) yeahshesassbats: COOL FROST WORMS DUDE
(10:58 / All) TALONSAREIMBA: Forst wyrmz for ez winz
(11:13 / All) yeahshesassbats: DID U MEET MY FRIEND THE FAIRY DRAGON?
(13:04 / All) TALONSAREIMBA: Sad
(14:12 / All) JANBi: lol
(15:55 / Allies) yeahshesassbats: gold?
(18:28 / All) yeahshesassbats: fucking lol
(18:39 / All) TALONSAREIMBA: due u fed wyrms
(18:41 / All) TALONSAREIMBA: Win already
(20:29 / All) TALONSAREIMBA: dude u fed wyrms dud
(20:34 / All) yeahshesassbats: BAT WORM AND UR LOSING
(20:35 / All) yeahshesassbats: TO FAIRY
(20:37 / All) yeahshesassbats: DRAGON
(20:38 / All) yeahshesassbats: HIPPO
(20:39 / All) yeahshesassbats: ELF
(20:47 / All) JANBi: ?
(20:55 / All) JANBi: if its so stupid why do it?
(21:02 / All) JANBi: trying to downgrade your own performance
(21:04 / All) yeahshesassbats: CAUSE YOU'RE A JOKE
(21:11 / All) yeahshesassbats: PRETTY MUCH
(21:21 / All) JANBi: your life is a joke
(21:25 / All) JANBi: what do you do
(21:48 / All) JANBi: patrol more plz
(22:29 / All) TALONSAREIMBA: U guys enjoy feeding wyrm?
(22:30 / All) TALONSAREIMBA: and losing?
(23:02 / All) TALONSAREIMBA: so quit this game
(23:44 / All) TALONSAREIMBA: What lost u a the game
(23:47 / All) TALONSAREIMBA: when u massed 60 food frosties
(23:49 / All) TALONSAREIMBA: and couldnt micro
(24:30 / All) TALONSAREIMBA: u cant come back from this failure
(24:31 / All) TALONSAREIMBA: ud
(24:38 / All) TALONSAREIMBA: my tc is 6
(25:28 / All) TALONSAREIMBA: dont hide buildings to hide butthurt
(25:54 / All) TALONSAREIMBA: so sad
(25:55 / All) TALONSAREIMBA: u that mad?
(25:59 / All) TALONSAREIMBA: thou furious?
(26:21 / All) TALONSAREIMBA: is thou furious?
(26:37 / All) TALONSAREIMBA: forst wyrm reliance
(26:40 / All) TALONSAREIMBA: does not cure badness
(27:05 / All) TALONSAREIMBA: good try
(27:35 / All) TALONSAREIMBA: nice try.
(28:15 / All) JANBi: hack more
(28:21 / All) TALONSAREIMBA: reveal = hacks
(28:24 / All) TALONSAREIMBA: frost wyrm feed = skill then
(28:34 / All) JANBi: reveal after you find it
(28:34 / All) JANBi: mhm
(28:40 / All) yeahshesassbats: RIGHT LOL
(29:07 / All) TALONSAREIMBA: Listen my gf is begging me to fuck her
(29:13 / All) TALONSAREIMBA: dont make me sit here and kill u baddies off
(29:15 / All) JANBi: rfl
(29:19 / All) JANBi: you have a really slutty girlfriend
(29:23 / All) TALONSAREIMBA: what?
(29:27 / All) TALONSAREIMBA: shes having sex with me not someone else
(29:28 / All) JANBi: your girlfriend
(29:29 / All) TALONSAREIMBA: ur delusional kid
(29:31 / All) CoLeGePaRtYeR17: I doubt women wanting sex in that manner is slutty
(29:32 / All) JANBi: is a whore
(29:33 / All) CoLeGePaRtYeR17: pretty natural imo
(29:36 / All) yeahshesassbats: MY SUPERMODEL IS WAITING FOR ME TO
(29:37 / All) TALONSAREIMBA: Wow are u 16?
(29:39 / All) yeahshesassbats: EAT HER
(29:40 / All) yeahshesassbats: OUT
(29:41 / All) JANBi: 14
(29:43 / All) TALONSAREIMBA: Must be cause ur mad over wc3
(29:45 / All) TALONSAREIMBA: and u fed wyrms
(30:02 / All) JANBi: gg, you showed a lot of class
(30:05 / All) TALONSAREIMBA: stfu
(30:06 / All) TALONSAREIMBA: <^>
(30:13 / All) TALONSAREIMBA: class when u mass wyrms
(30:17 / All) TALONSAREIMBA: wait u FED WYRMS
(30:19 / All) TALONSAREIMBA: yeah.
(30:24 / All) TALONSAREIMBA: you dont deserve class
(30:26 / All) JANBi: a strategy makes me classless?
(30:29 / All) JANBi: clearly you live on this game
(30:33 / All) TALONSAREIMBA: wyrm feed = strategy?
(30:34 / All) JANBi: and you dont have girlfriends
(30:35 / All) TALONSAREIMBA: are u dumb?
(30:39 / All) TALONSAREIMBA: ok time to go to school
(30:43 / All) TALONSAREIMBA: whats hard about right clicking heroes
(30:45 / All) TALONSAREIMBA: with heavy air
(30:47 / All) TALONSAREIMBA: and coil nova
(30:48 / All) JANBi: warcraft iii shit talkers with supermodel girlfriend
(30:50 / All) JANBi: lmfao
(30:52 / All) TALONSAREIMBA: meanwhile
(30:53 / All) TALONSAREIMBA: i go tc hh
(30:55 / All) TALONSAREIMBA: and u cant win
(30:57 / All) TALONSAREIMBA: because your horrible
(31:07 / All) JANBi: you went tc hh before you knew our skill
(31:11 / All) JANBi: lol
(31:18 / All) JANBi: *silence*
(31:41 / All) JANBi: we win i have 5.5k wood
(31:43 / All) JANBi: dont try
(31:45 / All) TALONSAREIMBA: i have 6k
(31:50 / All) Call.Me.Geebu: 8k
(31:51 / All) Call.Me.Geebu: GG
(31:56 / All) yeahshesassbats: 10k
(31:59 / All) Call.Me.Geebu: 20k
(32:09 / All) JANBi: gg
(32:47 / All) Call.Me.Geebu: GG wp, hope to pair with you again
(32:50 / All) TALONSAREIMBA: nah u suck.
(32:52 / All) TALONSAREIMBA: not wp
(32:53 / All) TALONSAREIMBA: cause u suck
(33:00 / All) yeahshesassbats: lol
(33:02 / All) yeahshesassbats: trash
(33:06 / All) Call.Me.Geebu: GG wp, hope to pair with you again
(33:06 / All) Call.Me.Geebu: GG wp, hope to pair with you again